Map: Blackpink LE

Players

Nerchio - Winner!

  • Race: Zerg Zerg
  • Spawn Location: 1:00

GogojOey

  • Race: Zerg Zerg
  • Spawn Location: 7:00

Event: WCS Leipzig 2018

VOD

Have the link to the VOD?

Description

Time

  • Played on: Jan. 26, 2018, 1:14 p.m.
  • Length: 11:27

All games in this series

Show
View Real Time Build Order
Export as new Build Order

Nerchio Zerg - Winner!

Build Orders: Hatch First 

Get SALT Encoding   

  12  0:00  Drone  
  13  0:13  Overlord  
  13  0:17  Drone  
  14  0:31  Drone x2  
  14  0:34  Drone  
  17  0:52  Hatchery  
  17  0:56  Drone  
  17  0:58  Drone  
  18  1:06  Extractor  
  17  1:14  Spawning Pool  
  17  1:17  Drone  
  17  1:20  Drone  
  18  1:28  Drone  
  19  1:41  Overlord  
  19  1:50  Drone  
  20  2:00  Queen  
  20  2:01  Zergling x2  
  23  2:03  Queen  
  23  2:04  Zergling x2  
  23  2:08  Metabolic Boost  
  26  2:12  Zergling x2  
  27  2:16  Drone  
  27  2:21  Drone  
  29  2:25  Drone  
  30  2:41  Zergling x2  
  30  2:42  Hatchery  
  30  2:48  Baneling Nest  
  30  2:49  Zergling x2  
  30  2:50  Zergling x2  
  31  2:54  Zergling x2  
  32  3:03  Zergling x4  
  33  3:06  Drone  
  33  3:09  Overlord  
  34  3:16  Drone  
  35  3:24  Overlord  
  35  3:27  Drone x2  
  35  3:28  Drone x3  
  40  3:35  Baneling x2  
  40  3:38  Baneling  
  40  3:44  Zergling x8  
  43  3:50  Zergling x4  
  43  3:51  Zergling x2  
  43  3:53  Zergling x2  
  45  3:58  Drone x3  
  45  4:01  Drone, Extractor  
  48  4:06  Drone  
  48  4:08  Drone  
  50  4:13  Drone  
  50  4:16  Drone  
  51  4:17  Roach Warren  
  51  4:18  Drone  
  51  4:20  Drone  
  51  4:23  Baneling x2  
  52  4:26  Overlord  
  52  4:31  Zergling x2  
  52  4:32  Zergling x2  
  52  4:34  Overlord  
  54  4:38  Overlord  
  54  4:47  Queen  
  54  4:56  Roach  
  54  4:57  Roach  
  54  4:58  Roach x3  
  62  5:02  Roach, Evolution Chamber  
  63  5:07  Drone x2  
  63  5:08  Drone  
  63  5:10  Drone  
  63  5:14  Overlord  
  67  5:15  Drone  
  67  5:17  Drone  
  67  5:20  Overlord  
  68  5:28  Drone x3  
  68  5:32  Lair  
  68  5:34  Drone  
  68  5:35  Drone  
  70  5:36  Drone  
  70  5:41  Zerg Missile Weapons Level 1  
  70  5:42  Drone, Extractor  
  71  5:44  Drone  
  71  5:45  Drone  
  73  5:53  Roach x3  
  73  5:54  Roach  
  81  6:00  Overlord  
  81  6:01  Overlord  
  81  6:14  Roach  
  81  6:15  Roach x5  
  93  6:18  Roach x2  
  97  6:25  Roach  
  97  6:26  Roach x3  
  100  6:33  Extractor  
  100  6:37  Drone x2  
  100  6:38  Roach x4  
  109  6:47  Glial Reconstitution  
  109  6:50  Drone x3, Extractor  
  109  6:53  Overseer  
  111  6:54  Overlord x2  
  111  6:56  Overlord  
  111  7:13  Drone  
  111  7:14  Drone x11  
  123  7:18  Drone, Extractor  
  123  7:19  Evolution Chamber  
  123  7:20  Drone x2  
  124  7:23  Ravager x2  
  124  7:24  Ravager x2  
  124  7:26  Overlord  
  128  7:38  Roach  
  128  7:40  Zerg Missile Weapons Level 2  
  128  7:44  Roach x2  
  132  7:45  Hatchery  
  132  7:46  Roach  
  132  7:49  Roach x2  
  139  7:52  Overlord  
  139  7:55  Roach x2  
  143  8:00  Zerg Ground Armor Level 1  
  143  8:01  Overlord  
  143  8:07  Hydralisk Den  
  143  8:08  Overlord  
  143  8:12  Roach x3  
  148  8:13  Overseer  
  148  8:23  Drone x2  
  148  8:24  Drone  
  148  8:26  Roach x5  
  161  8:39  Hydralisk x4, Muscular Augments  
  169  8:43  Overlord x2  
  169  8:49  Overlord  
  169  8:56  Hydralisk x3  
  169  9:00  Overlord x2  
  169  9:01  Lurker Den  
  174  9:03  Hydralisk  
  174  9:05  Extractor, Hydralisk  
  174  9:07  Hydralisk  
  179  9:12  Overseer  
  179  9:13  Hydralisk  
  179  9:14  Hydralisk  
  179  9:15  Unknown x2  
  183  9:17  Drone x2  
  183  9:18  Drone  
  183  9:21  Hydralisk  
  188  9:25  Hydralisk x2  
  188  9:27  Hydralisk  
  194  9:36  Hydralisk x3  
  200  10:03  Roach x6  
  200  10:04  Roach  
  200  10:05  Roach x3  
  200  10:06  Roach  
  199  10:07  Roach x2  
  199  10:08  Roach  
  199  10:09  Roach  
  199  10:10  Roach x5  
  199  10:14  Roach  
  199  10:24  Roach  
  199  10:25  Roach  
  199  10:26  Roach x3  
  199  10:27  Roach x2  
  193  10:29  Roach  
  193  10:31  Roach  
  193  10:34  Roach  
  193  10:57  Roach x3  
  193  10:58  Roach x3  
  193  11:00  Roach  
  193  11:01  Roach x2  
  193  11:02  Roach x2  
  193  11:03  Roach x2  
  191  11:05  Roach  
Show
View Real Time Build Order
Export as new Build Order

GogojOey Zerg 

Build Orders: Hatch First 

Get SALT Encoding   

  12  0:00  Drone  
  13  0:12  Overlord  
  13  0:17  Drone  
  14  0:30  Drone  
  14  0:31  Drone  
  14  0:34  Drone  
  17  0:52  Hatchery  
  17  0:54  Drone  
  17  0:57  Drone  
  18  1:08  Extractor  
  17  1:12  Spawning Pool  
  17  1:15  Drone  
  18  1:18  Drone  
  18  1:28  Drone  
  19  1:38  Overlord  
  19  1:59  Zergling x2, Queen  
  19  2:00  Zergling x2  
  23  2:04  Zergling x2, Queen  
  23  2:08  Metabolic Boost  
  26  2:11  Drone  
  27  2:16  Drone  
  28  2:28  Drone x2  
  30  2:33  Drone  
  32  2:37  Drone  
  32  2:43  Hatchery  
  31  2:44  Drone  
  31  2:47  Overlord  
  31  3:13  Zergling x8  
  31  3:14  Zergling x12  
  41  3:25  Zergling x4  
  43  3:30  Roach Warren  
  42  3:35  Overlord  
  42  3:37  Overlord  
  42  3:38  Zergling x2  
  42  3:50  Zergling x2  
  42  3:51  Zergling x4  
  42  3:52  Zergling x2  
  42  3:55  Drone x3  
  44  4:10  Roach x4  
  44  4:13  Queen  
  44  4:14  Drone  
  54  4:18  Roach x2  
  57  4:25  Roach  
  57  4:29  Drone x2  
  61  4:34  Drone x2  
  61  4:35  Drone x2  
  65  4:41  Overlord  
  64  4:48  Overlord  
  64  4:52  Drone x2  
  64  5:01  Roach  
  64  5:02  Roach x3  
  64  5:05  Drone x2  
  64  5:06  Drone  
  74  5:08  Extractor  
  74  5:09  Extractor  
  74  5:10  Drone x2  
  73  5:18  Drone x3  
  75  5:38  Drone x5  
  75  5:42  Lair  
  80  5:44  Evolution Chamber  
  80  5:45  Drone x2  
  80  5:46  Overlord  
  80  5:48  Overlord  
  80  5:49  Overlord  
  81  6:01  Overlord  
  78  6:25  Drone x6  
  82  6:28  Drone x2  
  82  6:29  Drone  
  82  6:32  Drone x6, Extractor  
  90  6:33  Drone x4  
  90  6:39  Drone x3, Zerg Missile Weapons Level 1  
  98  6:40  Drone, Evolution Chamber, Queen  
  98  6:43  Drone  
  98  6:46  Extractor  
  99  6:47  Overseer  
  99  6:52  Overlord  
  99  6:53  Roach x2  
  103  7:02  Roach x5  
  103  7:07  Zerg Ground Armor Level 1  
  113  7:09  Overlord  
  113  7:10  Overlord  
  113  7:19  Overlord  
  113  7:23  Overseer  
  113  7:25  Roach x4  
  125  7:30  Hatchery, Roach x2  
  125  7:33  Roach x2  
  128  7:37  Roach x2  
  128  7:38  Overlord  
  128  7:41  Overlord  
  132  7:45  Roach x2  
  136  7:51  Overlord  
  136  7:55  Overlord x2  
  136  7:57  Overseer  
  136  8:00  Roach x4  
  144  8:10  Overlord x2  
  144  8:14  Roach  
  144  8:15  Roach x8  
  162  8:21  Roach  
  162  8:22  Roach  
  162  8:24  Roach  
  168  8:28  Roach  
  170  8:35  Roach x2  
  170  8:36  Roach x3  
  170  8:38  Glial Reconstitution  
  180  8:43  Drone x2  
  180  8:44  Drone, Spire  
  180  8:46  Extractor  
  181  8:59  Drone  
  181  9:01  Overlord x2  
  182  9:04  Overlord  
  182  9:09  Overlord  
  182  9:21  Baneling Nest, Overlord x2  
  182  9:23  Roach x3  
  182  9:24  Roach x5  
  196  9:28  Overlord x2  
  198  9:34  Burrow  
  198  9:43  Roach  
  200  9:53  Unknown x3  
  200  9:56  Tunneling Claws  
  200  10:06  Roach  
  177  10:07  Roach x16  
  177  10:12  Roach  
  177  10:13  Roach x5  
  187  10:19  Roach  
  187  10:20  Roach x4  
  193  10:26  Roach x2  
  171  10:31  Roach x2  
  167  10:36  Roach  
  167  10:37  Roach  
  167  10:39  Ravager  
  167  10:40  Ravager x2  
  167  10:41  Ravager x2  
  167  10:42  Ravager  
  177  10:43  Roach x2  
  177  10:47  Roach x5  
  191  10:56  Roach x4  
  191  10:57  Roach  
  188  11:00  Roach  
  188  11:01  Roach x3  
  162  11:06  Roach x2  
Tags
 
Add a new tag
Caveats
  • Supply blocks, unpowered buildings, or Contaminate may cause inaccurate times.
  • Supply counts are checked every 10 seconds.